 Dungeon Crawl Stone Soup version 0.28-a0-687-gb91baff9cc (webtiles) character file.

Game seed: 9473688917276576606

399 omnomnOMINOUS the Skirmisher (level 6, 0/43 HPs)
             Began as an Octopode Wanderer on Oct 19, 2021.
             Was a Priest of Sif Muna.
             Slain by Edmund (22 damage)
             ... on level 4 of the Dungeon on Oct 20, 2021.
             The game lasted 00:08:29 (4343 turns).

omnomnOMINOUS the Skirmisher (Octopode Wanderer)    Turns: 4343, Time: 00:08:30

Health: 0/43       AC:  1    Str: 12    XL:     6   Next: 84%
Magic:  9/9        EV: 14    Int: 21    God:    Sif Muna [***...]
Gold:   29         SH:  0    Dex: 10    Spells: 8/9 levels left

rFire   + . .      SeeInvis +   a - +2 trident of Qazlal's Reproof {elec, Int+4}
rCold   . . .      Faith    +   (no shield)
rNeg    . . .      Spirit   .   (helmet restricted)
rPois   .          Reflect  .   m - amulet of faith
rElec   .          Harm     .   n - ring of protection from fire
rCorr   .          Rampage  .   p - ring of see invisible
Will    .....                   (no ring)
Stlth   ++........              (no ring)
HPRegen 0.14/turn               (no ring)
MPRegen 0.11/turn               (no ring)
                                (no ring)
                                (no ring)

@: no status effects
A: almost no armour, amphibious, 8 rings, camouflage 1, gelatinous body 1,
(nimble swimmer 1), tentacles
a: Renounce Religion, Channel Magic, Forget Spell


You were on level 4 of the Dungeon.
You worshipped Sif Muna.
Sif Muna was most pleased with you.
You visited 1 branch of the dungeon, and saw 4 of its levels.

You collected 224 gold pieces.
You spent 195 gold pieces at shops.

Inventory:

Hand Weapons
 a - the +2 trident of Qazlal's Reproof (weapon) {elec, Int+4}
   (You bought it in a shop on level 3 of the Dungeon)

   It occasionally discharges a powerful burst of electricity upon striking a
   foe.
   Int:       It affects your intelligence (+4).
 b - a +3 mace of draining
Missiles
 j - a throwing net (quivered)
Jewellery
 m - an amulet of faith (around mantle)
 n - a ring of protection from fire (left tentacle)
 p - a ring of see invisible (right tentacle)
Scrolls
 d - 4 scrolls of teleportation
 e - 2 scrolls of blinking
 f - 6 scrolls of identify {unknown}
 h - 3 scrolls of noise {unknown}
 i - a scroll of fog {unknown}
 o - a scroll of enchant armour {unknown}
Potions
 c - 2 potions of mutation {unknown}
 g - a potion of resistance {unknown}
 k - 2 potions of brilliance {unknown}
 l - a potion of ambrosia {unknown}
 q - a potion of attraction {unknown}


   Skills:
 + Level 4.2 Fighting
 * Level 1.5 Polearms
 - Level 1.0 Crossbows
 + Level 4.2 Dodging
 - Level 1.3 Stealth
 - Level 1.0 Shields
 - Level 3.0 Unarmed Combat
 - Level 2.0 Spellcasting
 - Level 4.0 Invocations


You had 8 spell levels left.
You knew the following spells:

 Your Spells              Type           Power      Damage    Failure   Level
a - Apportation           Tloc           4%         N/A       14%         1

Your spell library contained the following spells:

 Spells                   Type           Power      Damage    Failure   Level
 Sting                    Tmut/Pois      8%         1d3       14%         1
 Poisonous Vapours        Pois/Air       4%         N/A       22%         2
 Olgreb's Toxic Radiance  Pois           2%         N/A       82%         4


Dungeon Overview and Level Annotations

Branches:
Dungeon (4/15)
 Temple: D:4-7

Altars:
Ashenzari
Sif Muna
Zin

Shops:
D:3 *(=?

Annotations:
D:4 Edmund


Innate Abilities, Weirdness & Mutations

You cannot wear most types of armour.
You are amphibious.
You can wear up to eight rings at the same time.
Your skin changes colour to match your surroundings (Stealth+).
Your rubbery body absorbs attacks. (AC +1, EV +1)
((You are camouflaged near water. (Stealth+)))
You have tentacles for arms and can constrict up to eight enemies at once.


Message History

No target in view!
No target in view!
d - 4 scrolls of teleportation (gained 1)
An adder comes into view.
An adder is nearby!
An adder is nearby!
An adder is nearby!
Edmund the Younger comes into view.
He is wielding a +3 dire flail of protection, wearing a +2 ring mail of poison resistance and carrying a wand of flame (23).
Edmund shouts!
You reach to attack!
You miss the adder.
Edmund zaps a wand.
The puff of flame hits you. You resist. The adder bites you.
You are poisoned.
The adder poisons you!
You closely miss the adder. You grab the adder. You constrict the adder.
You feel sick. The adder barely misses you.
Edmund zaps a wand.
The puff of flame hits you. You resist.
You puncture the adder! You squeeze the adder.
You kill the adder!
Sif Muna accepts your kill.
You feel sick.
Edmund zaps a wand.
The puff of flame misses you.
You feel sick.
You feel sick.
Edmund zaps a wand.
The puff of flame hits you. You resist.
You reach to attack!
You completely miss Edmund.
You feel sick.
You are no longer poisoned.
Edmund drinks a potion.
Edmund seems to grow stronger.
You barely miss Edmund. You grab Edmund.
You constrict Edmund, but do no damage. Edmund misses you.
You hit Edmund but do no damage. You constrict Edmund, but do no damage.
Edmund zaps a wand.
The puff of flame hits you. You resist.
You hit Edmund but do no damage. Lightning courses through Edmund!
You squeeze Edmund, but do no damage.
Edmund is moderately wounded.
You constrict Edmund.
Edmund zaps a wand.
The puff of flame hits you. You resist.
You puncture Edmund!
Edmund is heavily wounded.
You constrict Edmund. Edmund barely misses you.
Edmund hits you with a +3 dire flail of protection!!
Ouch! That really hurt!
You die...

>.<...........
.#.#######.... .#
....# . . ....# .
.##.# ####. .# .#
#...## .# .#
#####....#### .# ..
....#..†$...##.#
.........@@....#
#########.#.......####
#.....# #.#.......#
#.....###.#.......#
#..........###....#
#..........########
#................#
#..........#####.#
#..........# #.#


You could see Edmund (strong).

Vanquished Creatures
  A necrophage (D:4)
  A bullfrog zombie (D:4)
  Terence (D:2)
  Jessica (D:2)
  Natasha (thrice) (D:3)
  An iguana (D:3)
  Robin (D:2)
  2 adders
  4 worms
  3 dart slugs
  7 orcs
  7 ball pythons
  7 bats
  6 endoplasms
  3 giant cockroaches
  7 hobgoblins
  2 quokkas
  4 frilled lizards
  8 goblins
  6 kobolds
  7 rats
82 creatures vanquished.

Notes
Turn   | Place    | Note
-------+----------+-------------------------------------------
     0 | D:1      | omnomnOMINOUS the Octopode Wanderer began the quest for the
                  | Orb.
     0 | D:1      | omnomnOMINOUS set off with the following items: a +0 club,
                  | a potion of berserk rage, a potion of curing, a scroll of
                  | teleportation, a scroll of blinking
     0 | D:1      | Reached XP level 1. HP: 17/17 MP: 1/1
   177 | D:1      | Reached skill level 1 in Dodging
   177 | D:1      | Reached XP level 2. HP: 22/22 MP: 3/3
   186 | D:1      | Reached skill level 1 in Spellcasting
   718 | D:1      | Found a faded altar of an unknown god.
   727 | D:1      | Prayed at the altar of an unknown god.
   727 | D:1      | Became a worshipper of Sif Muna the Loreminder
   727 | D:1      | Reached * piety under Sif Muna
   734 | D:1      | Got Plato's Guide on Orientation
   788 | D:1      | Learned a level 1 spell: Apportation
   859 | D:1      | Reached XP level 3. HP: 27/27 MP: 5/5
  1022 | D:2      | Noticed Robin
  1846 | D:2      | Noticed Terence
  1859 | D:2      | Killed Terence
  1860 | D:2      | Reached skill level 1 in Invocations
  1860 | D:2      | Reached XP level 4. HP: 33/33 MP: 6/6
  2329 | D:2      | Reached ** piety under Sif Muna
  2381 | D:2      | Noticed Jessica
  2391 | D:2      | Killed Jessica
  2392 | D:2      | Reached XP level 5. HP: 25/37 MP: 8/8
  2472 | D:2      | Killed Robin
  2985 | D:3      | Found Talesm's Antique Weapon Boutique.
  3007 | D:3      | Noticed Natasha
  3011 | D:3      | Killed Natasha
  3019 | D:3      | Found Wosezxil's Magic Scroll Boutique.
  3437 | D:3      | Found Soec Feeli's Assorted Antiques.
  3540 | D:3      | Found a glowing silver altar of Zin.
  3630 | D:3      | Bought a faintly glowing trident for 195 gold pieces
  3630 | D:3      | Identified the +2 trident of Qazlal's Reproof {elec, Int+4}
                  | (You bought it in a shop on level 3 of the Dungeon)
  3663 | D:3      | Noticed Natasha
  3683 | D:3      | HP: 1/37 [Natasha/magic dart (8)]
  3685 | D:3      | Killed Natasha
  3686 | D:3      | Reached XP level 6. HP: 14/43 MP: 9/9
  3916 | D:3      | Noticed Natasha
  3920 | D:3      | Killed Natasha
  3969 | D:3      | Found Decol's Jewellery Boutique.
  4127 | D:4      | Noticed a necrophage
  4133 | D:4      | Killed a necrophage
  4134 | D:4      | Reached skill level 1 in Polearms
  4181 | D:4      | Found a broken altar of Ashenzari.
  4189 | D:4      | Reached *** piety under Sif Muna
  4332 | D:4      | Noticed Edmund
  4343 | D:4      | Slain by Edmund

Illustrated notes

Levels and vault maps discovered:
D:1:      lightli_arrival_boilingwater, layout_rooms,
          shapermc_ecumenical_altar_rom_forum, nrook_loot_triangle
D:2:      layout_basic, wad_orctagon, uniq_terence, uniq_jessica, uniq_robin
D:3:      layout_basic, amcnicky_altar_gilded, serial_shops, shop,
          nicolae_shop_waterfront, shop, shop, uniq_natasha
D:4:      layout_basic, old_standard_altar, elyvilon_altar_3,
          serial_corexii_hall, corexii_hall_statues_l, corexii_hall_statues_s,
          uniq_edmund, uniq_sigmund, uniq_crazy_yiuf_cottage

Skill      XL: |  1  2  3  4  5  6 |
---------------+-------------------+-----
Dodging        | 1 2 3 4 |  4.2
Spellcasting   | 1 2 |  2.0
Invocations    | 1 2 3 4 |  4.0
Polearms       | 1 |  1.5
Fighting       | |  4.2
Crossbows      | |  1.0
Stealth        | |  1.3
Shields        | |  1.0
Unarmed Combat | |  3.0

Action                   |  1- 3 |  4- 6 || total
-------------------------+-------+-------++-------
Melee: Club              |    34 |       ||    34
       Constrict         |    14 |    24 ||    38
       Tentacles         |     9 |    13 ||    22
       Short sword       |    41 |    33 ||    74
       Punch             |     1 |     2 ||     3
       Mace              |       |    34 ||    34
       Trident           |       |    46 ||    46
Throw: Throwing net      |     1 |       ||     1
  Use: Potion            |     1 |     2 ||     3
 Stab: Sleeping          |    10 |     9 ||    19
Armor: Skin              |     9 |     5 ||    14
Dodge: Dodged            |    38 |    50 ||    88

Table legend: (Time is in decaauts)
 A = Elapsed time spent in this place.
 B = Non-inter-level travel time spent in this place.
 C = Inter-level travel time spent in this place.
 D = Time resting spent in this place.
 E = Time spent auto-exploring this place.
 F = Levels seen in this place.
 G = Mean time per level.
                   A        B        C        D        E       F      G
               +--------+--------+--------+--------+--------+-----+--------+
         Total |   4393 |   4269 |    124 |    700 |   2872 |   4 | 1098.2 |
       Dungeon |   4393 |   4269 |    124 |    700 |   2872 |   4 | 1098.2 |
               +--------+--------+--------+--------+--------+-----+--------+

Top non-repeatable levels by time:
     D:2: 1769 daAuts
     D:3: 1344 daAuts
     D:1: 1027 daAuts
     D:4: 251 daAuts
